[ AOE2 MATCH · #478395886 ]
UnrankedWu vs Persians
[ REPLAY ANALYSIS · EXTRACTED FROM THE RECORDED GAME ]
Feudal
12:09
Castle
18:46
Imperial
—
| APM avg | 40.9 |
| APM peak | 65 |
| eAPM avg | 27.3 |
| Villagers / military | 74 / 4 |
Focus
⚔️ 49.8% · 🌾 50.2%
Unknown (1974) ×34 · Battering Ram ×4
Feudal
10:27
Castle
14:40
Imperial
—
| APM avg | 43.2 |
| APM peak | 90 |
| eAPM avg | 23.8 |
| Villagers / military | 123 / 6 |
Focus
⚔️ 12.3% · 🌾 87.7%
Monk ×3 · War Elephant ×3
Feudal
28:08
Castle
—
Imperial
—
| APM avg | 45.3 |
| APM peak | 94 |
| eAPM avg | 23.3 |
| Villagers / military | 63 / 19 |
Focus
⚔️ 30.6% · 🌾 69.4%
Militia ×19
Feudal
9:39
Castle
23:40
Imperial
—
| APM avg | 35.7 |
| APM peak | 87 |
| eAPM avg | 15.1 |
| Villagers / military | 54 / 26 |
Focus
⚔️ 29.2% · 🌾 70.8%
Archer ×17 · Spearman ×5 · Militia ×4
Feudal
11:56
Castle
26:23
Imperial
—
| APM avg | 42.3 |
| APM peak | 100 |
| eAPM avg | 19.2 |
| Villagers / military | 51 / 44 |
Focus
⚔️ 30.0% · 🌾 70.0%
Archer ×44
Feudal
11:58
Castle
15:53
Imperial
—
| APM avg | 29.8 |
| APM peak | 51 |
| eAPM avg | 17.5 |
| Villagers / military | 84 / 37 |
Focus
⚔️ 22.8% · 🌾 77.2%
Knight ×35 · Monk ×2
Feudal
15:01
Castle
—
Imperial
—
| APM avg | 34.1 |
| APM peak | 65 |
| eAPM avg | 21.1 |
| Villagers / military | 62 / 23 |
Focus
⚔️ 24.5% · 🌾 75.5%
Spearman ×12 · Archer ×11
Feudal
10:27
Castle
14:17
Imperial
—
| APM avg | 46.8 |
| APM peak | 90 |
| eAPM avg | 17.1 |
| Villagers / military | 88 / 10 |
Focus
⚔️ 13.8% · 🌾 86.2%
Knight ×6 · Scorpion ×2 · Monk ×1 · Mangonel ×1
Match map
Initial resources + every placement click. Lines = walls · curves = elevation contours. ◆ gold · ⬟ stone · ● berries · ✦ relic · ◌ wall gap
Your base· ✓ Closed at 18:46 · 34t walls · 1 gate(s) · fragile
小三輪司機's base· Open — unwalled flank
GAX | GGui_'s base· Open — unwalled flank
Eat_Rice's base· ✓ Closed at 23:40 · 34t walls · 3 gate(s)
Takerofthehill's base· ✓ Closed at 26:23 · 46t walls · no gate
GAX | lee17-han's base· Open — unwalled flank
神圣罗马帝国 | Holy Roman's base· Open — unwalled flank
GAX | SãoPauloFC's base· Open — unwalled flank
Smoothed initial terrain · ◌ = detected wall gap · hover for details
Inputs per minute
— GAX | Tyrav - - 小三輪司機
Build order — GAX | Tyrav
First 150 of 203 actions detected
| 0:01 | Create | Villager (Male) |
| 0:01 | Create | Villager (Male) |
| 0:01 | Create | Villager (Male) |
| 0:02 | Build | House |
| 0:03 | Create | Villager (Male) |
| 0:04 | Build | House |
| 0:25 | Research | Loom |
| 0:27 | Create | Villager (Male) |
| 0:27 | Create | Villager (Male) |
| 0:27 | Create | Villager (Male) |
| 0:55 | Build | House |
| 0:57 | Build | House |
| 1:13 | Build | House |
| 1:15 | Build | Palisade Wall |
| 1:19 | Build | Palisade Wall |
| 1:57 | Create | Villager (Male) |
| 1:57 | Create | Villager (Male) |
| 2:35 | Create | Villager (Male) |
| 2:35 | Create | Villager (Male) |
| 2:48 | Build | Palisade Wall |
| 3:02 | Create | Villager (Male) |
| 3:03 | Create | Villager (Male) |
| 3:16 | Create | Villager (Male) |
| 3:17 | Create | Villager (Male) |
| 3:30 | Build | House |
| 3:36 | Create | Villager (Male) |
| 3:36 | Create | Villager (Male) |
| 4:04 | Build | House |
| 4:07 | Create | Villager (Male) |
| 4:07 | Create | Villager (Male) |
| 4:10 | Build | House |
| 4:50 | Create | Villager (Male) |
| 4:50 | Create | Villager (Male) |
| 4:53 | Build | House |
| 5:12 | Create | Villager (Male) |
| 5:12 | Create | Villager (Male) |
| 5:27 | Build | House |
| 5:37 | Create | Villager (Male) |
| 5:37 | Create | Villager (Male) |
| 5:47 | Build | House |
| 5:50 | Create | Villager (Male) |
| 6:12 | Build | House |
| 6:34 | Create | Villager (Male) |
| 6:43 | Create | Villager (Male) |
| 6:50 | Build | House |
| 6:56 | Build | House |
| 7:03 | Create | Villager (Male) |
| 7:06 | Create | Villager (Male) |
| 7:06 | Create | Villager (Male) |
| 7:47 | Build | Lumber Camp |
| 7:55 | Create | Villager (Male) |
| 8:36 | Create | Villager (Male) |
| 8:56 | Create | Villager (Male) |
| 9:21 | Build | Mill |
| 9:22 | Create | Villager (Male) |
| 9:59 | Research | Feudal Age |
| 9:59 | Research | Feudal Age |
| 10:26 | Build | Mining Camp |
| 10:42 | Build | Palisade Wall |
| 11:01 | Build | Palisade Wall |
| 11:03 | Build | Palisade Wall |
| 11:19 | Create | Villager (Male) |
| 11:34 | Create | Villager (Male) |
| 12:09 | Age | Feudal Age |
| 12:13 | Build | Palisade Wall |
| 12:33 | Build | House |
| 12:37 | Build | Palisade Wall |
| 12:42 | Build | House |
| 12:44 | Build | House |
| 12:46 | Build | Palisade Wall |
| 12:52 | Create | Villager (Male) |
| 13:16 | Build | Palisade Gate |
| 13:19 | Build | House |
| 13:23 | Build | House |
| 13:28 | Create | Villager (Male) |
| 13:31 | Build | Palisade Wall |
| 13:55 | Create | Villager (Male) |
| 13:56 | Build | Blacksmith |
| 14:14 | Build | Watch Tower |
| 14:23 | Build | Market |
| 14:23 | Create | Villager (Male) |
| 14:39 | Build | Palisade Wall |
| 15:01 | Build | Mining Camp |
| 16:06 | Research | Castle Age |
| 16:06 | Research | Castle Age |
| 16:47 | Build | Barracks |
| 16:51 | Build | Farm |
| 16:52 | Build | Farm |
| 16:55 | Build | Farm |
| 17:06 | Build | Farm |
| 17:26 | Build | Farm |
| 17:27 | Create | Villager (Male) |
| 17:52 | Build | Farm |
| 17:58 | Research | Double-Bit Axe |
| 18:02 | Build | House |
| 18:08 | Research | Scale Mail Armor |
| 18:36 | Build | Barracks |
| 18:38 | Create | Villager (Male) |
| 18:46 | Age | Castle Age |
| 18:55 | Create | Unit 1974 |
| 18:55 | Create | Unit 1974 |
| 19:06 | Create | Villager (Male) |
| 19:12 | Create | Unit 1974 |
| 19:19 | Create | Villager (Male) |
| 19:20 | Create | Villager (Male) |
| 19:22 | Build | Mining Camp |
| 19:33 | Create | Villager (Male) |
| 19:35 | Create | Unit 1974 |
| 19:36 | Create | Unit 1974 |
| 19:40 | Build | House |
| 19:43 | Build | Farm |
| 19:50 | Create | Villager (Male) |
| 19:58 | Build | House |
| 20:03 | Create | Unit 1974 |
| 20:03 | Create | Unit 1974 |
| 20:03 | Create | Unit 1974 |
| 20:09 | Build | Farm |
| 20:18 | Create | Villager (Male) |
| 20:21 | Build | House |
| 20:27 | Create | Unit 1974 |
| 20:27 | Create | Unit 1974 |
| 20:34 | Create | Villager (Male) |
| 20:34 | Create | Villager (Male) |
| 20:48 | Build | Farm |
| 20:55 | Create | Unit 1974 |
| 20:55 | Create | Unit 1974 |
| 20:59 | Create | Villager (Male) |
| 21:03 | Build | Farm |
| 21:08 | Build | Farm |
| 21:16 | Create | Unit 1974 |
| 21:16 | Create | Unit 1974 |
| 21:19 | Build | Farm |
| 21:21 | Build | Farm |
| 21:35 | Build | Stone Wall |
| 21:37 | Create | Villager (Male) |
| 21:46 | Create | Unit 1974 |
| 21:59 | Create | Villager (Male) |
| 22:02 | Build | House |
| 22:14 | Build | Siege Workshop |
| 22:17 | Create | Villager (Male) |
| 22:23 | Build | Stone Wall |
| 22:37 | Create | Unit 1974 |
| 22:41 | Research | Forging |
| 22:47 | Research | Chain Mail Armor |
| 22:51 | Build | Farm |
| 22:52 | Build | Farm |
| 23:14 | Research | Squires |
| 23:34 | Build | Stone Wall |
| 23:36 | Build | Stone Wall |
| 23:50 | Build | Stone Wall |
Build order — 小三輪司機
First 150 of 251 actions detected
| 0:00 | Create | Villager (Male) |
| 0:01 | Create | Villager (Male) |
| 0:02 | Build | House |
| 0:03 | Build | House |
| 0:13 | Create | Villager (Male) |
| 0:24 | Create | Villager (Male) |
| 0:25 | Create | Villager (Male) |
| 1:37 | Create | Villager (Male) |
| 1:37 | Create | Villager (Male) |
| 2:10 | Build | Lumber Camp |
| 2:25 | Create | Villager (Male) |
| 2:25 | Create | Villager (Male) |
| 2:25 | Create | Villager (Male) |
| 2:38 | Create | Villager (Male) |
| 3:12 | Create | Villager (Male) |
| 3:22 | Build | House |
| 3:33 | Create | Villager (Male) |
| 4:25 | Create | Villager (Male) |
| 4:25 | Create | Villager (Male) |
| 4:26 | Create | Villager (Male) |
| 4:26 | Create | Villager (Male) |
| 4:45 | Build | Mill |
| 4:53 | Create | Villager (Male) |
| 5:11 | Create | Villager (Male) |
| 5:30 | Build | House |
| 5:42 | Create | Villager (Male) |
| 6:08 | Create | Villager (Male) |
| 6:47 | Create | Villager (Male) |
| 7:34 | Create | Villager (Male) |
| 7:41 | Build | Mining Camp |
| 7:45 | Build | Mining Camp |
| 7:54 | Build | Mining Camp |
| 8:11 | Research | Feudal Age |
| 9:01 | Build | House |
| 10:18 | Build | Mill |
| 10:24 | Create | Villager (Male) |
| 10:27 | Age | Feudal Age |
| 10:33 | Build | Blacksmith |
| 10:38 | Create | Villager (Male) |
| 10:52 | Build | Market |
| 11:04 | Research | Loom |
| 11:05 | Research | Loom |
| 11:38 | Build | Farm |
| 11:39 | Build | Farm |
| 12:14 | Research | Castle Age |
| 12:15 | Research | Castle Age |
| 13:27 | Research | Double-Bit Axe |
| 13:32 | Research | Horse Collar |
| 13:32 | Research | Horse Collar |
| 14:00 | Build | Farm |
| 14:01 | Build | Farm |
| 14:20 | Build | House |
| 14:37 | Create | Villager (Male) |
| 14:37 | Create | Villager (Male) |
| 14:40 | Age | Castle Age |
| 14:44 | Build | Town Center |
| 15:03 | Build | Town Center |
| 15:05 | Create | Villager (Male) |
| 15:54 | Create | Villager (Male) |
| 15:55 | Create | Villager (Male) |
| 16:03 | Create | Villager (Male) |
| 16:16 | Create | Villager (Male) |
| 16:17 | Build | Farm |
| 16:18 | Build | Farm |
| 16:19 | Create | Villager (Male) |
| 16:20 | Build | Farm |
| 16:22 | Create | Villager (Male) |
| 16:30 | Create | Villager (Male) |
| 16:33 | Build | Monastery |
| 17:12 | Create | Villager (Male) |
| 17:26 | Create | Villager (Male) |
| 17:27 | Build | Farm |
| 17:28 | Build | Farm |
| 17:30 | Create | Villager (Male) |
| 17:30 | Create | Villager (Male) |
| 17:32 | Create | Monk |
| 17:35 | Create | Villager (Male) |
| 17:36 | Build | Farm |
| 17:37 | Build | Farm |
| 17:38 | Create | Villager (Male) |
| 17:42 | Build | House |
| 17:42 | Build | House |
| 17:44 | Create | Villager (Male) |
| 17:48 | Build | Farm |
| 17:59 | Build | Farm |
| 18:06 | Build | Farm |
| 18:11 | Create | Villager (Male) |
| 18:15 | Create | Villager (Male) |
| 18:19 | Create | Villager (Male) |
| 18:30 | Create | Villager (Male) |
| 18:31 | Create | Monk |
| 18:43 | Build | Farm |
| 18:47 | Create | Villager (Male) |
| 18:53 | Create | Villager (Male) |
| 18:55 | Build | Town Center |
| 19:01 | Create | Villager (Male) |
| 19:16 | Build | Farm |
| 19:17 | Build | Farm |
| 19:18 | Create | Villager (Male) |
| 19:23 | Build | Farm |
| 19:29 | Build | House |
| 19:30 | Build | House |
| 19:36 | Create | Villager (Male) |
| 19:36 | Create | Villager (Male) |
| 19:38 | Build | House |
| 19:39 | Build | House |
| 19:51 | Create | Villager (Male) |
| 19:53 | Create | Villager (Male) |
| 20:01 | Build | Farm |
| 20:04 | Build | Farm |
| 20:05 | Build | Farm |
| 20:06 | Create | Villager (Male) |
| 20:10 | Build | Farm |
| 20:11 | Create | Villager (Male) |
| 20:11 | Create | Villager (Male) |
| 20:17 | Create | Villager (Male) |
| 20:17 | Create | Villager (Male) |
| 20:22 | Build | Farm |
| 20:38 | Build | Lumber Camp |
| 20:40 | Create | Villager (Male) |
| 20:41 | Create | Villager (Male) |
| 20:46 | Build | Farm |
| 20:47 | Create | Villager (Male) |
| 21:01 | Create | Villager (Male) |
| 21:02 | Create | Villager (Male) |
| 21:03 | Create | Villager (Male) |
| 21:04 | Create | Villager (Male) |
| 21:08 | Build | Farm |
| 21:08 | Build | Farm |
| 21:11 | Build | House |
| 21:12 | Create | Villager (Male) |
| 21:16 | Create | Monk |
| 21:22 | Create | Villager (Male) |
| 21:38 | Research | Wheelbarrow |
| 21:38 | Research | Wheelbarrow |
| 21:43 | Build | House |
| 21:46 | Create | Villager (Male) |
| 21:46 | Create | Villager (Male) |
| 21:50 | Create | Villager (Male) |
| 21:52 | Build | Farm |
| 21:56 | Build | Farm |
| 21:58 | Create | Villager (Male) |
| 21:58 | Create | Villager (Male) |
| 22:04 | Create | Villager (Male) |
| 22:08 | Build | Farm |
| 22:12 | Build | Lumber Camp |
| 22:14 | Create | Villager (Male) |
| 22:14 | Create | Villager (Male) |
| 22:15 | Create | Villager (Male) |
| 22:21 | Create | Villager (Male) |
Build order — GAX | GGui_
135 actions detected in the replay
| 0:01 | Create | Villager (Male) |
| 0:01 | Create | Villager (Male) |
| 0:02 | Build | House |
| 0:03 | Build | House |
| 0:27 | Research | Loom |
| 0:29 | Create | Villager (Male) |
| 0:47 | Create | Villager (Male) |
| 0:47 | Create | Villager (Male) |
| 0:48 | Create | Villager (Male) |
| 2:01 | Create | Villager (Male) |
| 2:01 | Create | Villager (Male) |
| 2:25 | Build | Palisade Wall |
| 2:38 | Create | Villager (Male) |
| 2:38 | Create | Villager (Male) |
| 3:05 | Build | House |
| 3:22 | Create | Villager (Male) |
| 3:59 | Create | Villager (Male) |
| 4:21 | Create | Villager (Male) |
| 4:57 | Create | Villager (Male) |
| 4:57 | Create | Villager (Male) |
| 4:58 | Create | Villager (Male) |
| 5:46 | Create | Villager (Male) |
| 5:46 | Create | Villager (Male) |
| 5:56 | Build | House |
| 6:19 | Create | Villager (Male) |
| 6:46 | Build | Barracks |
| 6:54 | Create | Villager (Male) |
| 7:14 | Create | Villager (Male) |
| 7:51 | Build | Lumber Camp |
| 7:59 | Create | Militia |
| 7:59 | Create | Militia |
| 8:00 | Build | House |
| 8:04 | Create | Villager (Male) |
| 8:04 | Create | Villager (Male) |
| 8:29 | Build | House |
| 8:36 | Create | Villager (Male) |
| 8:36 | Create | Villager (Male) |
| 9:02 | Create | Militia |
| 9:32 | Create | Villager (Male) |
| 9:37 | Create | Militia |
| 9:37 | Create | Militia |
| 9:42 | Build | Mining Camp |
| 9:56 | Create | Villager (Male) |
| 9:57 | Create | Militia |
| 10:23 | Create | Villager (Male) |
| 10:33 | Create | Militia |
| 10:56 | Create | Militia |
| 10:56 | Create | Militia |
| 11:04 | Build | Mill |
| 11:13 | Create | Militia |
| 11:14 | Create | Militia |
| 11:45 | Build | Mill |
| 12:06 | Create | Villager (Male) |
| 12:06 | Create | Villager (Male) |
| 12:06 | Create | Villager (Male) |
| 12:30 | Create | Villager (Male) |
| 12:32 | Build | House |
| 12:50 | Create | Villager (Male) |
| 12:50 | Create | Villager (Male) |
| 12:54 | Create | Militia |
| 12:55 | Create | Militia |
| 13:20 | Create | Militia |
| 13:20 | Create | Militia |
| 13:26 | Build | Farm |
| 13:35 | Build | Palisade Wall |
| 13:40 | Build | House |
| 13:44 | Build | Palisade Gate |
| 14:00 | Create | Villager (Male) |
| 14:06 | Build | Farm |
| 14:08 | Build | Farm |
| 14:18 | Build | House |
| 14:33 | Create | Villager (Male) |
| 14:46 | Create | Villager (Male) |
| 15:07 | Build | Palisade Wall |
| 15:15 | Create | Villager (Male) |
| 15:34 | Create | Villager (Male) |
| 15:40 | Create | Villager (Male) |
| 16:05 | Create | Villager (Male) |
| 16:14 | Create | Villager (Male) |
| 16:24 | Create | Villager (Male) |
| 16:30 | Create | Militia |
| 16:30 | Create | Militia |
| 16:30 | Create | Militia |
| 16:30 | Create | Militia |
| 17:01 | Create | Villager (Male) |
| 17:45 | Build | House |
| 18:21 | Create | Villager (Male) |
| 19:07 | Create | Villager (Male) |
| 19:31 | Build | Palisade Wall |
| 19:33 | Build | Palisade Wall |
| 19:34 | Build | Palisade Wall |
| 19:36 | Build | Palisade Wall |
| 19:41 | Create | Villager (Male) |
| 19:41 | Create | Villager (Male) |
| 19:42 | Create | Villager (Male) |
| 20:34 | Build | Palisade Wall |
| 20:36 | Build | Palisade Wall |
| 20:46 | Create | Villager (Male) |
| 20:58 | Build | Palisade Wall |
| 21:04 | Build | Palisade Wall |
| 21:18 | Create | Villager (Male) |
| 21:31 | Create | Villager (Male) |
| 22:00 | Build | Palisade Wall |
| 22:02 | Build | Palisade Wall |
| 22:12 | Create | Villager (Male) |
| 22:14 | Create | Villager (Male) |
| 22:20 | Build | Farm |
| 22:20 | Build | Farm |
| 22:33 | Build | Farm |
| 23:00 | Create | Villager (Male) |
| 23:03 | Build | Farm |
| 23:08 | Build | Farm |
| 23:14 | Build | Farm |
| 23:22 | Build | Palisade Wall |
| 23:28 | Create | Villager (Male) |
| 23:29 | Create | Villager (Male) |
| 23:36 | Build | Farm |
| 23:59 | Create | Villager (Male) |
| 24:05 | Build | Farm |
| 24:27 | Create | Villager (Male) |
| 24:33 | Build | Farm |
| 24:53 | Create | Villager (Male) |
| 25:10 | Build | House |
| 25:14 | Build | Farm |
| 25:28 | Create | Villager (Male) |
| 25:44 | Build | Farm |
| 25:49 | Research | Feudal Age |
| 26:57 | Build | Palisade Wall |
| 27:12 | Build | Palisade Wall |
| 27:24 | Build | Mining Camp |
| 27:51 | Create | Villager (Male) |
| 27:52 | Create | Villager (Male) |
| 28:08 | Age | Feudal Age |
| 28:24 | Build | Market |
| 28:26 | Build | Blacksmith |
Build order — Eat_Rice
134 actions detected in the replay
| 0:01 | Create | Villager (Male) |
| 0:02 | Create | Villager (Male) |
| 0:03 | Build | House |
| 0:05 | Build | House |
| 0:26 | Create | Villager (Male) |
| 0:43 | Create | Villager (Male) |
| 1:24 | Create | Villager (Male) |
| 1:53 | Create | Villager (Male) |
| 1:58 | Build | Lumber Camp |
| 2:13 | Create | Villager (Male) |
| 2:32 | Create | Villager (Male) |
| 3:04 | Create | Villager (Male) |
| 3:31 | Create | Villager (Male) ×2 |
| 3:49 | Build | House |
| 4:02 | Create | Villager (Male) |
| 4:37 | Build | House |
| 4:53 | Create | Villager (Male) |
| 5:20 | Create | Villager (Male) |
| 5:32 | Build | Mining Camp |
| 5:46 | Create | Villager (Male) |
| 6:15 | Create | Villager (Male) |
| 6:26 | Build | House |
| 6:42 | Research | Loom |
| 7:22 | Build | Barracks |
| 7:29 | Research | Feudal Age |
| 8:21 | Create | Militia |
| 8:26 | Build | House |
| 8:31 | Build | Palisade Gate |
| 8:34 | Create | Villager (Male) |
| 8:39 | Build | Mill |
| 9:01 | Create | Militia |
| 9:31 | Create | Militia |
| 9:39 | Age | Feudal Age |
| 9:50 | Create | Villager (Male) |
| 10:01 | Research | Man-at-Arms (upgrade) |
| 10:12 | Create | Villager (Male) |
| 10:18 | Build | Watch Tower |
| 10:40 | Build | House |
| 11:10 | Build | Archery Range |
| 11:29 | Create | Villager (Male) |
| 11:39 | Create | Villager (Male) |
| 11:44 | Build | Archery Range |
| 12:10 | Create | Villager (Male) |
| 12:12 | Build | House |
| 12:18 | Build | Stone Wall |
| 12:36 | Create | Archer |
| 12:37 | Create | Archer |
| 12:44 | Build | Stone Wall |
| 12:47 | Build | House |
| 13:01 | Create | Archer |
| 13:01 | Create | Archer |
| 13:13 | Create | Villager (Male) |
| 13:17 | Build | Farm |
| 13:25 | Research | Double-Bit Axe |
| 13:55 | Create | Archer ×4 |
| 13:59 | Create | Villager (Male) |
| 14:01 | Create | Archer |
| 14:03 | Create | Villager (Male) |
| 14:56 | Create | Villager (Male) |
| 15:03 | Build | Mining Camp |
| 15:13 | Create | Villager (Male) |
| 15:52 | Create | Villager (Male) |
| 15:56 | Build | Farm |
| 15:57 | Build | Farm |
| 15:59 | Build | Farm |
| 16:13 | Create | Villager (Male) |
| 16:29 | Create | Villager (Male) |
| 16:44 | Create | Villager (Male) |
| 17:21 | Create | Villager (Male) |
| 17:25 | Build | Blacksmith |
| 17:27 | Build | Farm |
| 17:33 | Create | Villager (Male) |
| 17:44 | Build | Gate |
| 17:47 | Build | Stone Wall |
| 17:52 | Build | Stone Wall |
| 17:56 | Create | Villager (Male) |
| 17:57 | Create | Villager (Male) |
| 18:13 | Create | Spearman |
| 18:16 | Create | Archer |
| 18:23 | Build | Farm |
| 18:26 | Build | Farm |
| 18:29 | Create | Villager (Male) |
| 18:52 | Build | Farm |
| 18:53 | Create | Villager (Male) |
| 19:17 | Build | House |
| 19:19 | Create | Villager (Male) |
| 19:21 | Build | Market |
| 19:42 | Create | Villager (Male) |
| 19:57 | Build | Stone Wall |
| 20:07 | Build | Stone Wall |
| 20:11 | Build | Gate |
| 20:27 | Build | Farm |
| 20:28 | Build | Farm |
| 21:00 | Research | Castle Age |
| 21:25 | Create | Militia |
| 21:28 | Create | Archer |
| 21:38 | Research | Horse Collar |
| 22:12 | Create | Archer |
| 22:12 | Create | Archer |
| 22:37 | Create | Archer |
| 22:41 | Create | Spearman |
| 22:45 | Create | Spearman |
| 22:49 | Research | Gold Mining |
| 23:07 | Build | Mining Camp |
| 23:40 | Age | Castle Age |
| 23:45 | Create | Villager (Male) |
| 23:49 | Build | Town Center |
| 23:55 | Build | Town Center |
| 23:59 | Research | Bow Saw |
| 24:06 | Build | Town Center |
| 24:12 | Create | Villager (Male) |
| 24:13 | Create | Villager (Male) |
| 24:14 | Create | Villager (Male) |
| 24:53 | Build | Farm |
| 24:54 | Build | Farm |
| 25:10 | Research | Pikeman (upgrade) |
| 25:16 | Create | Spearman |
| 25:19 | Create | Archer ×3 |
| 25:38 | Create | Villager (Male) ×2 |
| 25:42 | Build | Farm |
| 25:46 | Build | Farm |
| 25:47 | Build | Farm |
| 26:10 | Create | Villager (Male) |
| 26:12 | Create | Villager (Male) |
| 26:14 | Build | Farm |
| 26:27 | Create | Villager (Male) |
| 26:31 | Create | Spearman |
| 26:44 | Create | Villager (Male) ×3 |
| 26:50 | Build | Farm |
| 26:51 | Build | Farm |
| 27:54 | Build | Stone Wall |
| 28:06 | Create | Villager (Male) |
| 28:08 | Create | Villager (Male) |
| 28:18 | Create | Villager (Male) |
Build order — Takerofthehill
First 150 of 162 actions detected
| 0:03 | Create | Villager (Male) |
| 0:03 | Create | Villager (Male) |
| 0:04 | Create | Villager (Male) |
| 0:04 | Create | Villager (Male) |
| 0:05 | Build | House |
| 0:07 | Build | House |
| 0:30 | Research | Loom |
| 0:50 | Create | Villager (Male) |
| 0:51 | Create | Villager (Male) |
| 0:51 | Create | Villager (Male) |
| 1:42 | Build | Palisade Wall |
| 1:44 | Build | Palisade Wall |
| 1:46 | Build | Palisade Wall |
| 1:50 | Build | Palisade Wall |
| 2:04 | Create | Villager (Male) |
| 2:24 | Build | Palisade Wall |
| 2:26 | Build | Palisade Wall |
| 2:27 | Build | Palisade Wall |
| 2:50 | Create | Villager (Male) |
| 3:16 | Create | Villager (Male) |
| 3:31 | Build | Lumber Camp |
| 3:32 | Create | Villager (Male) |
| 4:07 | Create | Villager (Male) |
| 4:17 | Create | Villager (Male) |
| 4:56 | Create | Villager (Male) |
| 4:56 | Create | Villager (Male) |
| 5:26 | Build | House |
| 5:30 | Create | Villager (Male) |
| 6:12 | Create | Villager (Male) |
| 6:41 | Build | House |
| 6:42 | Build | House |
| 6:51 | Create | Villager (Male) |
| 6:52 | Create | Villager (Male) |
| 6:52 | Create | Villager (Male) |
| 6:52 | Create | Villager (Male) |
| 7:07 | Create | Villager (Male) |
| 7:07 | Create | Villager (Male) |
| 7:28 | Build | Mill |
| 8:19 | Create | Villager (Male) |
| 8:52 | Build | Mill |
| 8:57 | Create | Villager (Male) |
| 9:39 | Research | Feudal Age |
| 9:49 | Build | Mining Camp |
| 10:53 | Build | Barracks |
| 11:56 | Age | Feudal Age |
| 11:58 | Build | Archery Range |
| 12:01 | Create | Villager (Male) |
| 12:01 | Create | Villager (Male) |
| 12:02 | Create | Villager (Male) |
| 12:02 | Create | Villager (Male) |
| 12:26 | Build | Lumber Camp |
| 12:42 | Create | Archer |
| 12:43 | Create | Archer |
| 12:43 | Create | Archer |
| 12:56 | Build | House |
| 12:57 | Build | House |
| 13:13 | Create | Archer |
| 13:16 | Create | Archer |
| 13:56 | Build | Archery Range |
| 13:57 | Create | Archer |
| 14:13 | Create | Archer |
| 14:13 | Create | Archer |
| 14:38 | Create | Archer |
| 14:41 | Create | Archer |
| 14:41 | Create | Archer |
| 15:06 | Build | Blacksmith |
| 15:14 | Create | Archer |
| 15:14 | Create | Archer |
| 15:17 | Create | Villager (Male) |
| 15:17 | Create | Villager (Male) |
| 15:17 | Create | Villager (Male) |
| 15:17 | Create | Villager (Male) |
| 15:17 | Create | Villager (Male) |
| 15:27 | Build | Watch Tower |
| 15:34 | Create | Archer |
| 15:40 | Research | Fletching |
| 15:59 | Create | Archer |
| 16:28 | Build | Palisade Wall |
| 16:30 | Build | Palisade Wall |
| 17:12 | Build | House |
| 17:13 | Create | Villager (Male) |
| 17:13 | Create | Villager (Male) |
| 17:13 | Create | Villager (Male) |
| 17:19 | Build | House |
| 17:20 | Build | House |
| 17:20 | Build | House |
| 17:21 | Build | House |
| 17:21 | Build | House |
| 17:34 | Create | Archer |
| 17:34 | Create | Archer |
| 17:35 | Create | Archer |
| 17:51 | Create | Archer |
| 17:51 | Create | Archer |
| 17:53 | Create | Villager (Male) |
| 17:54 | Create | Villager (Male) |
| 17:59 | Create | Archer |
| 18:04 | Build | House |
| 18:12 | Research | Padded Archer Armor |
| 18:13 | Create | Archer |
| 18:32 | Create | Archer |
| 18:33 | Create | Villager (Male) |
| 18:34 | Create | Villager (Male) |
| 18:41 | Build | Market |
| 18:55 | Create | Archer |
| 19:17 | Create | Archer |
| 19:29 | Build | Stone Wall |
| 19:34 | Create | Villager (Male) |
| 19:34 | Create | Villager (Male) |
| 19:51 | Create | Archer |
| 19:52 | Create | Archer |
| 20:00 | Create | Villager (Male) |
| 20:00 | Create | Villager (Male) |
| 20:08 | Build | Farm |
| 20:08 | Build | Farm |
| 20:09 | Build | Farm |
| 20:09 | Build | Farm |
| 20:09 | Build | Farm |
| 20:09 | Build | Farm |
| 20:10 | Build | Farm |
| 20:21 | Create | Archer |
| 20:21 | Create | Archer |
| 20:57 | Build | Stone Wall |
| 21:22 | Create | Villager (Male) |
| 21:23 | Create | Villager (Male) |
| 21:27 | Build | Farm |
| 21:27 | Build | Farm |
| 21:27 | Build | Farm |
| 21:27 | Build | Farm |
| 21:28 | Build | Farm |
| 21:38 | Create | Archer |
| 21:41 | Create | Villager (Male) |
| 21:41 | Create | Villager (Male) |
| 22:19 | Build | Mining Camp |
| 22:54 | Build | Stone Wall |
| 23:39 | Research | Castle Age |
| 24:03 | Create | Archer |
| 24:04 | Create | Archer |
| 24:04 | Create | Archer |
| 24:27 | Create | Villager (Male) |
| 24:27 | Create | Villager (Male) |
| 24:30 | Research | Double-Bit Axe |
| 24:43 | Research | Horse Collar |
| 24:51 | Build | Archery Range |
| 24:53 | Build | Archery Range |
| 25:19 | Create | Archer |
| 25:20 | Create | Archer |
| 26:16 | Build | Archery Range |
| 26:23 | Age | Castle Age |
| 26:25 | Research | Crossbowman (upgrade) |
| 26:26 | Research | Bodkin Arrow |
Build order — GAX | lee17-han
First 150 of 206 actions detected
| 0:01 | Create | Villager (Male) |
| 0:01 | Create | Villager (Male) |
| 0:01 | Create | Villager (Male) |
| 0:01 | Create | Villager (Male) |
| 0:02 | Build | House |
| 0:03 | Build | House |
| 0:13 | Create | Villager (Male) |
| 0:14 | Create | Villager (Male) |
| 1:32 | Create | Villager (Male) |
| 2:00 | Build | Lumber Camp |
| 2:02 | Create | Villager (Male) |
| 2:25 | Create | Villager (Male) |
| 2:41 | Create | Villager (Male) |
| 2:41 | Create | Villager (Male) |
| 3:13 | Create | Villager (Male) |
| 3:13 | Create | Villager (Male) |
| 3:31 | Build | House |
| 3:38 | Create | Villager (Male) |
| 3:39 | Create | Villager (Male) |
| 4:10 | Research | Loom |
| 4:14 | Build | House |
| 4:22 | Build | Mill |
| 4:42 | Create | Villager (Male) |
| 4:43 | Create | Villager (Male) |
| 4:43 | Create | Villager (Male) |
| 4:43 | Create | Villager (Male) |
| 5:15 | Create | Villager (Male) |
| 5:15 | Create | Villager (Male) |
| 5:16 | Create | Villager (Male) |
| 5:43 | Create | Villager (Male) |
| 5:43 | Create | Villager (Male) |
| 6:03 | Build | House |
| 6:42 | Create | Villager (Male) |
| 6:59 | Create | Villager (Male) |
| 7:13 | Build | Farm |
| 7:16 | Build | Farm |
| 7:59 | Create | Villager (Male) |
| 8:30 | Build | House |
| 8:36 | Build | House |
| 8:40 | Create | Villager (Male) |
| 8:42 | Build | House |
| 8:50 | Create | Villager (Male) |
| 8:52 | Build | House |
| 8:57 | Build | Mining Camp |
| 9:13 | Build | Farm |
| 9:45 | Build | Farm |
| 9:47 | Research | Feudal Age |
| 10:30 | Build | Barracks |
| 11:30 | Build | House |
| 11:47 | Create | Villager (Male) |
| 11:48 | Create | Villager (Male) |
| 11:58 | Age | Feudal Age |
| 12:01 | Build | Stable |
| 12:23 | Build | Blacksmith |
| 12:32 | Create | Villager (Male) |
| 12:41 | Build | House |
| 12:57 | Research | Double-Bit Axe |
| 13:07 | Research | Castle Age |
| 13:07 | Research | Castle Age |
| 13:12 | Research | Scale Barding Armor |
| 13:13 | Research | Scale Barding Armor |
| 13:27 | Research | Horse Collar |
| 14:09 | Create | Villager (Male) |
| 14:09 | Create | Villager (Male) |
| 14:09 | Create | Villager (Male) |
| 15:48 | Create | Villager (Male) |
| 15:53 | Age | Castle Age |
| 16:01 | Build | Town Center |
| 16:05 | Create | Knight |
| 16:06 | Create | Knight |
| 16:26 | Build | Stable |
| 16:32 | Build | Farm |
| 16:35 | Build | Farm |
| 16:38 | Research | Chain Barding Armor |
| 16:43 | Build | Monastery |
| 16:48 | Create | Knight |
| 16:59 | Build | Farm |
| 17:16 | Create | Knight |
| 17:16 | Create | Knight |
| 17:26 | Create | Villager (Male) |
| 17:26 | Create | Villager (Male) |
| 17:26 | Create | Villager (Male) |
| 17:26 | Create | Villager (Male) |
| 17:27 | Build | Farm |
| 17:38 | Build | Farm |
| 17:41 | Build | Farm |
| 17:43 | Build | Farm |
| 17:45 | Build | Farm |
| 17:56 | Create | Villager (Male) |
| 17:56 | Create | Villager (Male) |
| 17:56 | Create | Villager (Male) |
| 18:13 | Build | Farm |
| 18:15 | Create | Monk |
| 18:30 | Create | Knight |
| 18:32 | Create | Villager (Male) |
| 18:34 | Build | Farm |
| 18:37 | Build | Farm |
| 18:39 | Build | Farm |
| 18:40 | Create | Villager (Male) |
| 18:58 | Create | Villager (Male) |
| 19:15 | Create | Villager (Male) |
| 19:17 | Build | Farm |
| 19:19 | Build | House |
| 19:20 | Build | House |
| 19:31 | Create | Villager (Male) |
| 19:32 | Create | Villager (Male) |
| 19:43 | Create | Villager (Male) |
| 19:47 | Create | Monk |
| 20:02 | Create | Knight |
| 20:02 | Create | Knight |
| 20:11 | Create | Villager (Male) |
| 20:12 | Build | Farm |
| 20:16 | Build | Farm |
| 20:33 | Build | Farm |
| 20:35 | Create | Villager (Male) |
| 20:39 | Create | Knight |
| 20:48 | Create | Villager (Male) |
| 20:51 | Build | House |
| 20:52 | Build | House |
| 20:55 | Build | House |
| 20:55 | Build | House |
| 21:05 | Create | Knight |
| 21:06 | Create | Knight |
| 21:19 | Build | Farm |
| 21:20 | Build | Farm |
| 21:32 | Research | Husbandry |
| 21:32 | Research | Husbandry |
| 21:37 | Create | Villager (Male) |
| 21:40 | Build | Farm |
| 21:42 | Build | Farm |
| 22:01 | Create | Villager (Male) |
| 22:01 | Create | Villager (Male) |
| 22:04 | Build | Farm |
| 22:11 | Build | House |
| 22:19 | Create | Villager (Male) |
| 22:20 | Create | Villager (Male) |
| 22:21 | Create | Knight |
| 22:22 | Create | Knight |
| 22:33 | Build | Farm |
| 22:34 | Create | Villager (Male) |
| 22:36 | Create | Villager (Male) |
| 23:08 | Create | Villager (Male) |
| 23:08 | Create | Villager (Male) |
| 23:09 | Create | Knight |
| 23:09 | Create | Knight |
| 23:20 | Create | Knight |
| 23:21 | Create | Knight |
| 23:21 | Create | Knight |
| 23:32 | Create | Villager (Male) |
| 23:33 | Create | Villager (Male) |
Build order — 神圣罗马帝国 | Holy Roman
First 150 of 152 actions detected
| 0:03 | Create | Villager (Male) |
| 0:03 | Create | Villager (Male) |
| 0:04 | Build | House |
| 0:07 | Build | House |
| 0:26 | Create | Villager (Male) |
| 0:26 | Create | Villager (Male) |
| 0:26 | Create | Villager (Male) |
| 1:49 | Create | Villager (Male) |
| 1:49 | Create | Villager (Male) |
| 2:04 | Build | Lumber Camp |
| 2:14 | Create | Villager (Male) |
| 2:40 | Create | Villager (Male) |
| 3:05 | Build | House |
| 3:33 | Create | Villager (Male) |
| 3:33 | Create | Villager (Male) |
| 3:33 | Create | Villager (Male) |
| 3:37 | Build | House |
| 4:00 | Create | Villager (Male) |
| 4:00 | Create | Villager (Male) |
| 4:08 | Build | House |
| 4:09 | Build | Palisade Wall |
| 4:23 | Create | Villager (Male) |
| 4:24 | Create | Villager (Male) |
| 4:26 | Research | Loom |
| 4:36 | Build | Palisade Wall |
| 4:42 | Create | Villager (Male) |
| 4:51 | Create | Villager (Male) |
| 5:17 | Create | Villager (Male) |
| 5:18 | Create | Villager (Male) |
| 5:58 | Create | Villager (Male) |
| 5:59 | Create | Villager (Male) |
| 6:13 | Create | Villager (Male) |
| 6:14 | Create | Villager (Male) |
| 6:22 | Create | Villager (Male) |
| 6:22 | Create | Villager (Male) |
| 6:52 | Build | House |
| 7:00 | Create | Villager (Male) |
| 7:00 | Create | Villager (Male) |
| 7:12 | Create | Villager (Male) |
| 7:12 | Create | Villager (Male) |
| 7:41 | Build | Mill |
| 8:23 | Create | Villager (Male) |
| 8:35 | Build | Barracks |
| 8:44 | Build | Barracks |
| 8:48 | Create | Villager (Male) |
| 8:58 | Build | Mill |
| 9:00 | Create | Villager (Male) |
| 9:40 | Build | House |
| 10:04 | Build | Barracks |
| 10:11 | Create | Villager (Male) |
| 10:22 | Create | Villager (Male) |
| 10:28 | Create | Villager (Male) |
| 10:33 | Create | Villager (Male) |
| 11:09 | Create | Villager (Male) |
| 11:26 | Create | Villager (Male) |
| 12:04 | Create | Villager (Male) |
| 12:21 | Create | Villager (Male) |
| 12:23 | Create | Villager (Male) |
| 12:47 | Build | House |
| 12:51 | Research | Feudal Age |
| 13:18 | Build | Lumber Camp |
| 13:27 | Create | Villager (Male) |
| 13:33 | Build | Palisade Wall |
| 13:46 | Create | Villager (Male) |
| 13:54 | Build | Palisade Gate |
| 14:08 | Build | House |
| 14:45 | Create | Villager (Male) |
| 15:01 | Age | Feudal Age |
| 15:01 | Research | Double-Bit Axe |
| 15:02 | Research | Double-Bit Axe |
| 15:25 | Create | Villager (Male) |
| 15:38 | Build | Mining Camp |
| 15:49 | Build | Watch Tower |
| 16:00 | Build | Watch Tower |
| 16:11 | Create | Villager (Male) |
| 16:16 | Build | Stone Wall |
| 16:21 | Build | Watch Tower |
| 16:23 | Build | Stone Wall |
| 16:24 | Build | Stone Wall |
| 16:37 | Create | Villager (Male) |
| 17:08 | Build | Archery Range |
| 17:37 | Create | Villager (Male) |
| 17:47 | Create | Villager (Male) |
| 18:07 | Build | Stone Wall |
| 18:08 | Create | Villager (Male) |
| 18:25 | Build | Market |
| 19:01 | Create | Archer |
| 19:02 | Create | Archer |
| 19:14 | Build | Lumber Camp |
| 19:38 | Create | Archer |
| 19:44 | Build | Gate |
| 19:57 | Create | Archer |
| 20:00 | Create | Archer |
| 20:05 | Build | Farm |
| 20:06 | Build | Farm |
| 20:06 | Build | Farm |
| 20:13 | Create | Villager (Male) |
| 20:17 | Build | Farm |
| 20:20 | Build | Farm |
| 20:22 | Create | Villager (Male) |
| 20:24 | Build | Farm |
| 20:29 | Create | Archer |
| 20:38 | Create | Archer |
| 20:42 | Create | Archer |
| 20:50 | Build | Farm |
| 21:02 | Build | Stone Wall |
| 21:06 | Create | Archer |
| 21:11 | Build | Stone Wall |
| 21:28 | Build | Gate |
| 21:31 | Create | Villager (Male) |
| 21:35 | Build | Farm |
| 21:36 | Create | Villager (Male) |
| 21:44 | Create | Archer |
| 21:48 | Build | Blacksmith |
| 22:27 | Create | Villager (Male) |
| 22:30 | Create | Villager (Male) |
| 22:51 | Build | Stone Wall |
| 22:52 | Create | Villager (Male) |
| 22:56 | Build | Farm |
| 22:57 | Build | Farm |
| 22:57 | Build | Farm |
| 22:57 | Build | Farm |
| 22:58 | Build | Farm |
| 22:58 | Build | Farm |
| 22:58 | Build | Farm |
| 23:05 | Create | Spearman |
| 23:28 | Build | House |
| 23:37 | Build | House |
| 23:38 | Build | House |
| 23:42 | Create | Spearman |
| 23:58 | Build | House |
| 24:18 | Create | Villager (Male) |
| 24:26 | Create | Spearman |
| 24:28 | Create | Villager (Male) |
| 24:39 | Create | Spearman |
| 24:49 | Create | Archer |
| 24:55 | Create | Spearman |
| 25:05 | Build | Barracks |
| 25:07 | Create | Villager (Male) |
| 25:40 | Create | Spearman |
| 25:44 | Create | Spearman |
| 25:56 | Create | Spearman |
| 26:14 | Create | Villager (Male) |
| 26:21 | Build | Farm |
| 26:21 | Build | Farm |
| 26:23 | Build | Farm |
| 26:25 | Build | Farm |
| 26:31 | Build | House |
| 26:42 | Create | Spearman |
| 26:54 | Create | Spearman |
Build order — GAX | SãoPauloFC
First 150 of 177 actions detected
| 0:00 | Create | Villager (Male) |
| 0:01 | Create | Villager (Male) |
| 0:01 | Create | Villager (Male) |
| 0:02 | Build | House |
| 0:03 | Build | House |
| 0:15 | Create | Villager (Male) |
| 0:31 | Create | Villager (Male) |
| 1:29 | Create | Villager (Male) |
| 1:53 | Create | Villager (Male) |
| 2:02 | Build | Lumber Camp |
| 2:12 | Create | Villager (Male) |
| 2:42 | Create | Villager (Male) |
| 2:53 | Create | Villager (Male) |
| 3:27 | Build | House |
| 4:00 | Create | Villager (Male) |
| 4:01 | Create | Villager (Male) |
| 4:01 | Create | Villager (Male) |
| 4:26 | Create | Villager (Male) |
| 4:52 | Create | Villager (Male) |
| 4:59 | Build | Mill |
| 5:17 | Create | Villager (Male) |
| 6:07 | Create | Villager (Male) |
| 6:13 | Build | House |
| 6:30 | Create | Villager (Male) |
| 6:34 | Build | Mill |
| 6:59 | Create | Villager (Male) |
| 7:27 | Create | Villager (Male) |
| 7:51 | Build | Mining Camp |
| 7:59 | Create | Villager (Male) |
| 8:18 | Research | Feudal Age |
| 8:18 | Research | Feudal Age |
| 9:24 | Build | House |
| 10:14 | Create | Villager (Male) |
| 10:15 | Create | Villager (Male) |
| 10:27 | Age | Feudal Age |
| 10:46 | Build | Market |
| 11:09 | Build | Blacksmith |
| 11:12 | Create | Villager (Male) |
| 11:52 | Research | Castle Age |
| 11:52 | Research | Castle Age |
| 12:38 | Research | Horse Collar |
| 12:38 | Research | Horse Collar |
| 12:41 | Build | Farm |
| 12:42 | Build | Farm |
| 12:45 | Build | Farm |
| 12:47 | Build | Farm |
| 12:51 | Build | Farm |
| 13:16 | Build | Farm |
| 13:21 | Build | Farm |
| 13:24 | Build | Farm |
| 14:17 | Age | Castle Age |
| 14:20 | Create | Villager (Male) |
| 14:20 | Create | Villager (Male) |
| 14:33 | Research | Double-Bit Axe |
| 14:33 | Research | Double-Bit Axe |
| 14:39 | Build | House |
| 14:49 | Research | Wheelbarrow |
| 14:49 | Research | Wheelbarrow |
| 15:09 | Create | Villager (Male) |
| 15:21 | Build | Farm |
| 16:12 | Create | Villager (Male) |
| 16:26 | Build | Barracks |
| 16:33 | Research | Scale Barding Armor |
| 16:33 | Research | Scale Barding Armor |
| 16:35 | Research | Gold Mining |
| 16:35 | Research | Gold Mining |
| 16:37 | Create | Villager (Male) |
| 16:47 | Create | Villager (Male) |
| 16:53 | Build | House |
| 16:56 | Build | House |
| 16:56 | Create | Villager (Male) |
| 17:05 | Build | Stable |
| 17:27 | Research | Loom |
| 17:27 | Research | Loom |
| 17:38 | Create | Knight |
| 17:38 | Create | Knight |
| 17:43 | Build | Farm |
| 18:17 | Create | Villager (Male) |
| 18:28 | Create | Knight |
| 18:38 | Create | Villager (Male) |
| 18:47 | Create | Villager (Male) |
| 19:15 | Create | Villager (Male) |
| 19:19 | Build | House |
| 19:36 | Create | Villager (Male) |
| 19:49 | Create | Villager (Male) |
| 19:53 | Build | Town Center |
| 20:16 | Create | Villager (Male) |
| 20:28 | Research | Bow Saw |
| 20:28 | Research | Bow Saw |
| 20:37 | Create | Villager (Male) |
| 21:10 | Create | Villager (Male) |
| 21:10 | Create | Villager (Male) |
| 21:36 | Create | Villager (Male) |
| 21:41 | Build | Farm |
| 21:46 | Create | Villager (Male) |
| 22:03 | Create | Villager (Male) |
| 22:12 | Build | Monastery |
| 22:12 | Create | Villager (Male) |
| 22:21 | Build | House |
| 22:23 | Build | House |
| 22:23 | Build | House |
| 22:26 | Create | Villager (Male) |
| 22:45 | Create | Villager (Male) |
| 22:53 | Create | Villager (Male) |
| 22:58 | Create | Monk |
| 23:04 | Build | Farm |
| 23:07 | Build | Farm |
| 23:26 | Create | Villager (Male) |
| 23:26 | Create | Villager (Male) |
| 23:27 | Create | Villager (Male) |
| 23:27 | Create | Villager (Male) |
| 23:31 | Build | House |
| 23:32 | Build | House |
| 23:44 | Create | Villager (Male) |
| 23:50 | Create | Villager (Male) |
| 24:00 | Create | Villager (Male) |
| 24:04 | Build | Town Center |
| 24:10 | Build | Farm |
| 24:12 | Build | Farm |
| 24:15 | Build | Farm |
| 24:16 | Create | Villager (Male) |
| 24:26 | Create | Villager (Male) |
| 24:30 | Build | House |
| 24:31 | Build | House |
| 24:35 | Create | Villager (Male) |
| 24:42 | Build | Town Center |
| 24:47 | Create | Villager (Male) |
| 24:51 | Build | Farm |
| 24:52 | Build | Farm |
| 24:55 | Create | Villager (Male) |
| 25:00 | Build | Lumber Camp |
| 25:06 | Create | Villager (Male) |
| 25:10 | Create | Knight |
| 25:10 | Create | Knight |
| 25:18 | Create | Villager (Male) |
| 25:22 | Build | Farm |
| 25:26 | Build | Farm |
| 25:35 | Create | Villager (Male) |
| 25:42 | Build | Farm |
| 25:45 | Build | Farm |
| 25:47 | Build | Farm |
| 25:54 | Create | Knight |
| 25:56 | Create | Villager (Male) |
| 26:01 | Create | Villager (Male) |
| 26:13 | Create | Villager (Male) |
| 26:20 | Build | Siege Workshop |
| 26:24 | Create | Villager (Male) |
| 26:26 | Create | Villager (Male) |
| 26:31 | Create | Villager (Male) |
| 26:42 | Create | Villager (Male) |
Match timeline
| 1:15 | GAX | Tyrav · wall_segment Palisade Wall x9 |
| 1:19 | GAX | Tyrav · wall_segment Palisade Wall x3 |
| 1:42 | Takerofthehill · wall_segment Palisade Wall x3 |
| 1:44 | Takerofthehill · wall_segment Palisade Wall x4 |
| 1:46 | Takerofthehill · wall_segment Palisade Wall x1 |
| 1:50 | Takerofthehill · wall_segment Palisade Wall x7 |
| 2:24 | Takerofthehill · wall_segment Palisade Wall x1 |
| 2:25 | GAX | GGui_ · wall_segment Palisade Wall x10 |
| 2:26 | Takerofthehill · wall_segment Palisade Wall x1 |
| 2:27 | Takerofthehill · wall_segment Palisade Wall x1 |
| 2:48 | GAX | Tyrav · wall_segment Palisade Wall x8 |
| 4:09 | 神圣罗马帝国 | Holy Roman · wall_segment Palisade Wall x7 |
| 4:36 | 神圣罗马帝国 | Holy Roman · wall_segment Palisade Wall x1 |
| 6:46 | GAX | GGui_ · first_building Barracks |
| 7:22 | Eat_Rice · first_building Barracks |
| 8:35 | 神圣罗马帝国 | Holy Roman · first_building Barracks |
| 9:39 | Eat_Rice · age_up feudal |
| 10:27 | GAX | SãoPauloFC · age_up feudal |
| 10:27 | 小三輪司機 · age_up feudal |
| 10:30 | GAX | lee17-han · first_building Barracks |
| 10:42 | GAX | Tyrav · wall_segment Palisade Wall x11 |
| 10:53 | Takerofthehill · first_building Barracks |
| 11:01 | GAX | Tyrav · wall_segment Palisade Wall x2 |
| 11:03 | GAX | Tyrav · wall_segment Palisade Wall x1 |
| 11:10 | Eat_Rice · first_building Archery Range |
| 11:33 | GAX | SãoPauloFC · first_market_sell 100 stone |
| 11:35 | GAX | SãoPauloFC · first_market_buy 100 food |
| 11:56 | Takerofthehill · age_up feudal |
| 11:58 | GAX | lee17-han · age_up feudal |
| 11:58 | Takerofthehill · first_building Archery Range |
| 12:01 | GAX | lee17-han · first_building Stable |
| 12:09 | GAX | Tyrav · age_up feudal |
| 12:13 | GAX | Tyrav · wall_segment Palisade Wall x1 |
| 12:18 | Eat_Rice · wall_segment Stone Wall x7 |
| 12:37 | GAX | Tyrav · wall_segment Palisade Wall x1 |
| 12:44 | Eat_Rice · wall_segment Stone Wall x1 |
| 12:46 | GAX | Tyrav · wall_segment Palisade Wall x1 |
| 13:31 | GAX | Tyrav · wall_segment Palisade Wall x1 |
| 13:33 | 神圣罗马帝国 | Holy Roman · wall_segment Palisade Wall x8 |
| 13:35 | GAX | GGui_ · wall_segment Palisade Wall x1 |
| 14:17 | GAX | SãoPauloFC · age_up castle |
| 14:39 | GAX | Tyrav · wall_segment Palisade Wall x1 |
| 14:40 | 小三輪司機 · age_up castle |
| 15:01 | 神圣罗马帝国 | Holy Roman · age_up feudal |
| 15:07 | GAX | GGui_ · wall_segment Palisade Wall x7 |
| 15:10 | GAX | Tyrav · first_market_sell 100 wood |
| 15:40 | GAX | Tyrav · first_market_buy 100 food |
| 15:53 | GAX | lee17-han · age_up castle |
| 16:16 | 神圣罗马帝国 | Holy Roman · wall_segment Stone Wall x3 |
| 16:23 | 神圣罗马帝国 | Holy Roman · wall_segment Stone Wall x1 |
| 16:24 | 神圣罗马帝国 | Holy Roman · wall_segment Stone Wall x1 |
| 16:26 | GAX | SãoPauloFC · first_building Barracks |
| 16:28 | Takerofthehill · wall_segment Palisade Wall x1 |
| 16:30 | Takerofthehill · wall_segment Palisade Wall x1 |
| 16:33 | 小三輪司機 · first_building Monastery |
| 16:43 | GAX | lee17-han · first_building Monastery |
| 16:47 | GAX | Tyrav · first_building Barracks |
| 17:05 | GAX | SãoPauloFC · first_building Stable |
| 17:08 | 神圣罗马帝国 | Holy Roman · first_building Archery Range |
| 17:47 | Eat_Rice · wall_segment Stone Wall x9 |
| 17:52 | Eat_Rice · wall_segment Stone Wall x6 |
| 18:07 | 神圣罗马帝国 | Holy Roman · wall_segment Stone Wall x21 |
| 18:17 | 小三輪司機 · first_market_buy 100 stone |
| 18:46 | GAX | Tyrav · age_up castle |
| 19:29 | Takerofthehill · wall_segment Stone Wall x10 |
| 19:31 | GAX | GGui_ · wall_segment Palisade Wall x4 |
| 19:33 | GAX | GGui_ · wall_segment Palisade Wall x8 |
| 19:33 | 神圣罗马帝国 | Holy Roman · first_market_buy 100 stone |
| 19:34 | GAX | GGui_ · wall_segment Palisade Wall x4 |
| 19:36 | GAX | GGui_ · wall_segment Palisade Wall x1 |
| 19:57 | Eat_Rice · wall_segment Stone Wall x5 |
| 20:07 | Eat_Rice · wall_segment Stone Wall x6 |
| 20:34 | GAX | GGui_ · wall_segment Palisade Wall x1 |
| 20:36 | GAX | GGui_ · wall_segment Palisade Wall x1 |
| 20:45 | Eat_Rice · first_market_buy 100 food |
| 20:49 | Eat_Rice · first_market_sell 100 stone |
| 20:57 | Takerofthehill · wall_segment Stone Wall x9 |
| 20:58 | GAX | GGui_ · wall_segment Palisade Wall x4 |
| 21:02 | 神圣罗马帝国 | Holy Roman · wall_segment Stone Wall x12 |
| 21:04 | GAX | GGui_ · wall_segment Palisade Wall x5 |
| 21:11 | 神圣罗马帝国 | Holy Roman · wall_segment Stone Wall x15 |
| 21:35 | GAX | Tyrav · wall_segment Stone Wall x14 |
| 22:00 | GAX | GGui_ · wall_segment Palisade Wall x4 |
| 22:02 | GAX | GGui_ · wall_segment Palisade Wall x8 |
| 22:12 | GAX | SãoPauloFC · first_building Monastery |
| 22:14 | GAX | Tyrav · first_building Siege Workshop |
| 22:23 | GAX | Tyrav · wall_segment Stone Wall x1 |
| 22:48 | Takerofthehill · first_market_buy 100 stone |
| 22:51 | 神圣罗马帝国 | Holy Roman · wall_segment Stone Wall x14 |
| 22:54 | Takerofthehill · wall_segment Stone Wall x7 |
| 23:22 | GAX | GGui_ · wall_segment Palisade Wall x5 |
| 23:34 | GAX | Tyrav · wall_segment Stone Wall x5 |
| 23:36 | GAX | Tyrav · wall_segment Stone Wall x19 |
| 23:37 | 小三輪司機 · first_building Castle |
| 23:40 | Eat_Rice · age_up castle |
| 23:50 | GAX | Tyrav · wall_segment Stone Wall x3 |
| 24:08 | GAX | Tyrav · wall_segment Stone Wall x2 |
| 24:16 | GAX | Tyrav · wall_segment Stone Wall x16 |
| 26:20 | GAX | SãoPauloFC · first_building Siege Workshop |
| 26:23 | Takerofthehill · age_up castle |
| 26:51 | Takerofthehill · wall_segment Stone Wall x5 |
| 26:57 | GAX | GGui_ · wall_segment Palisade Wall x4 |
| 27:12 | GAX | GGui_ · wall_segment Palisade Wall x5 |
| 27:43 | 神圣罗马帝国 | Holy Roman · resign |
| 27:54 | Eat_Rice · wall_segment Stone Wall x8 |
| 28:08 | GAX | GGui_ · age_up feudal |
[ AI ANALYSIS · 1 CREDIT ]
What really happened in this match?
Wolo.gg analyzes every decision: build order, eco, micro, common mistakes by bracket. Personalized analysis on WhatsApp or Discord in 30 seconds.
Civ guide
Wu
Perfil
Jugador #215647